 Dungeon Crawl Stone Soup version 0.18-a0-1160-geb89fc2 (webtiles) character file.

2333 st0uf the Covert (level 9, -5/58 HPs)
             Began as an Octopode Assassin on Jan 24, 2016.
             Was a Believer of Ashenzari.
             Slain by a killer bee (6 damage)
             ... on level 7 of the Dungeon.
             The game lasted 00:28:57 (6490 turns).

st0uf the Covert (Octopode Assassin)                Turns: 6490, Time: 00:28:57

Health: -5/58      AC:  1    Str: 11    XL:     9   Next: 42%
Magic:  5/9        EV: 15    Int: 13    God:    Ashenzari [**....]
Gold:   333        SH:  0    Dex: 16    Spells: 0 memorised, 8 levels left

rFire  . . .     SeeInvis +     a - +2 dagger
rCold  . . .     Gourm    .     (no shield)
rNeg   . . .     Faith    .     (helmet restricted)
rPois  .         Spirit   .     (no amulet)
rElec  .         Dismiss  .     i - ring of see invisible
rCorr  .         Reflect  .     y - ring of sustain attributes
SustAt +         Harm     .     (no ring)
MR     .....                    (no ring)
Stlth  ++++++++..               (no ring)
                                (no ring)
                                (no ring)
                                (no ring)

@: scrying, not resistant to hostile enchantments, extraordinarily stealthy
A: almost no armour, amphibious, 8 rings, constrict 8, camouflage 1, gelatinous
body 1
a: Scrying, Renounce Religion


You were on level 7 of the Dungeon.
You worshipped Ashenzari.
Ashenzari was pleased with you.
You were not hungry.

You visited 1 branch of the dungeon, and saw 7 of its levels.

You collected 333 gold pieces.

Inventory:

Hand Weapons
 a - a +2 dagger (weapon)
 b - a +0 blowgun
Missiles
 d - 9 curare-tipped needles
 h - 77 stones (quivered)
 t - 30 poisoned needles
Jewellery
 i - a ring of see invisible (left tentacle)
 y - a ring of sustain attributes (right tentacle)
Scrolls
 j - 8 scrolls of identify
 l - a scroll of immolation {unknown}
 p - a scroll of remove curse
 q - 2 scrolls of enchant weapon {unknown}
 x - a scroll of recharging {unknown}
 z - a scroll of enchant armour {unknown}
 A - a scroll of teleportation {unknown}
Potions
 e - a potion of cancellation {unknown}
 g - a potion of invisibility
 k - a potion of poison {unknown}
 m - a potion of cure mutation {unknown}
 n - a potion of curing
 o - a potion of heal wounds {unknown}
 r - a potion of agility {unknown}
 s - a potion of haste {unknown}
 u - a potion of lignification {unknown}
 v - a potion of flight {unknown}
Comestibles
 c - 4 chunks of flesh
 f - 3 bread rations
 w - 2 meat rations


   Skills:
 + Level 4.0 Fighting
 + Level 4.3 Short Blades
 + Level 4.2 Throwing
 + Level 5.8 Dodging
 + Level 12.8 Stealth


You had 8 spell levels left.
You didn't know any spells.

Dungeon Overview and Level Annotations

Branches:
Dungeon (7/15)             Temple (0/1) D:4

Altars:
Ashenzari
Makhleb
Okawaru
Pakellas
Qazlal
Trog
Zin


Innate Abilities, Weirdness & Mutations

You cannot wear most types of armour.
You are amphibious.
You can wear up to eight rings at the same time.
You can use your tentacles to constrict eight enemies at once.
Your skin changes colour to match your surroundings (Stealth).
Your rubbery body absorbs attacks (AC +1).


Message History

You barely miss the killer bee.
The killer bee is almost dead.
You constrict the killer bee.
You kill the killer bee!
You feel sick. The killer bee stings you.
You are lethally poisoned!
The killer bee poisons you! The killer bee stings you.
* * * LOW HITPOINT WARNING * * *
You are more poisoned.
The killer bee poisons you! The killer bee stings you!
* * * LOW HITPOINT WARNING * * *
Drink which item? (? for menu, Esc to quit)
It was a potion of curing.
You feel better. The killer bee misses you. x3
The killer bee stings you!
* * * LOW HITPOINT WARNING * * *
The killer bee barely misses you. The killer bee closely misses you.
Okay, then.
You gain astral sight.
You feel slightly more hungry.
The killer bee barely misses you. x2; The killer bee stings you.
You die...

#.....#
#.....#########≈≈≈#
#..)..########≈≈≈##
#.....#######≈≈≈≈##
#.....#######≈≈≈###
#.....#######≈≈≈###
#.....######≈≈≈####
######.....#####≈≈≈≈####
..........≈#####@≈≈#####
#######...≈≈###yyy######
#..≈≈≈##≈≈≈#######
#######..≈≈≈≈≈≈≈≈#######
.........≈≈≈≈≈≈≈########
######..≈≈≈≈≈≈##########
#.≈≈≈≈≈≈###########
#.≈≈≈≈≈≈###########
#..≈≈≈≈###########


You could see 3 killer bees.

Vanquished Creatures
  Pikel (D:5)
  Sigmund (D:3)
  Menkaure (D:6)
  2 orc warriors (D:6)
  A black bear (D:7)
  A slave (D:5)
  2 centaurs
  2 ogres (D:6)
  A crocodile (D:7)
  A giant frog (D:5)
  A killer bee (D:7)
  An electric eel (D:7)
  2 crimson imps
  A centaur zombie (D:5)
  3 hounds
  2 orc priests (D:7)
  2 centaur skeletons
  Terence (D:3)
  2 orc wizards
  An iguana (D:5)
  6 worker ants
  2 killer bee zombies
  7 adders
  A shadow imp (D:6)
  3 oozes
  4 worms
  A giant gecko (D:1)
  11 orcs
  3 ball pythons
  6 giant cockroaches
  19 goblins
  9 hobgoblins
  7 jackals
  13 kobolds
  6 bats
  A giant cockroach zombie (D:6)
  5 giant newts
  A quokka zombie (D:4)
  9 rats
143 creatures vanquished.

Notes
Turn   | Place    | Note
--------------------------------------------------------------
     0 | D:1      | st0uf the Octopode Assassin began the quest for the Orb.
     0 | D:1      | Reached XP level 1. HP: 14/14 MP: 1/1
   101 | D:1      | Reached XP level 2. HP: 19/19 MP: 2/2
   173 | D:1      | Reached skill level 6 in Stealth
   448 | D:1      | Reached XP level 3. HP: 24/24 MP: 3/3
   901 | D:2      | Found a shattered altar of Ashenzari.
  1089 | D:2      | Became a worshipper of Ashenzari the Shackled
  1202 | D:2      | Reached skill level 7 in Stealth
  1239 | D:2      | Found a bloodstained altar of Trog.
  1248 | D:2      | Reached XP level 4. HP: 29/29 MP: 4/4
  1370 | D:2      | Found a glowing silver altar of Zin.
  1649 | D:3      | Noticed Terence
  1650 | D:3      | Noticed Sigmund
  1850 | D:3      | Killed Sigmund
  1850 | D:3      | Reached skill level 8 in Stealth
  1850 | D:3      | Reached XP level 5. HP: 19/35 MP: 5/5
  1850 | D:3      | Reached XP level 6. HP: 22/41 MP: 6/6
  2003 | D:3      | Killed Terence
  2003 | D:3      | Reached skill level 9 in Stealth
  2032 | D:3      | Found a stormy altar of Qazlal.
  2878 | D:4      | Reached * piety under Ashenzari
  2995 | D:4      | Found a staircase to the Ecumenical Temple.
  3252 | D:4      | Reached XP level 7. HP: 24/45 MP: 7/7
  3638 | D:5      | Entered Level 5 of the Dungeon
  3676 | D:5      | Found an iron altar of Okawaru.
  3689 | D:5      | Reached skill level 10 in Stealth
  3699 | D:5      | HP: 2/46 [killer bee zombie (3)]
  4453 | D:5      | Noticed Pikel
  4467 | D:5      | Killed Pikel
  4467 | D:5      | Reached skill level 11 in Stealth
  4467 | D:5      | Reached XP level 8. HP: 21/52 MP: 8/8
  4905 | D:6      | Noticed Menkaure
  4908 | D:6      | Killed Menkaure
  5043 | D:6      | Found an oddly glowing altar of Pakellas.
  5044 | D:6      | Reached ** piety under Ashenzari
  5047 | D:6      | Reached skill level 12 in Stealth
  5051 | D:6      | Found a burning altar of Makhleb.
  5106 | D:6      | Reached skill level 5 in Dodging
  5512 | D:6      | Reached XP level 9. HP: 56/58 MP: 9/9
  6252 | D:7      | Got the cursed spear of Tender Mercy {pierce, +Blink Int+2 Dex+4}
  6489 | D:7      | HP: 1/58 [killer bee (9)]
  6490 | D:7      | Slain by a killer bee

Vault maps used:
D:1:      minmay_arrival_open_corners
D:2:      bloody_trog, zin_treasury, minivault_5, nicolae_ashenzari_panopticon
D:3:      nicolae_qazlal_general_emergency, uniq_terence, uniq_sigmund
D:4:      minmay_temple_entry_butterflies
D:5:      first_bread, lemuel_statue_altar, uniq_pikel
D:6:      nicolae_overflow_hidden_temple, serial_column_ruins,
          column_ruins_grid_1, column_ruins_corridor_T, column_ruins_open_small,
          column_ruins_columns_straight, column_ruins_open_medium_water,
          minmay_ogre_servants, uniq_menkaure
D:7:      statuecave_lemuel, grunt_livestock

Action                   |  1- 3 |  4- 6 |  7- 9 || total
-------------------------+-------+-------+-------++-------
Melee: Dagger            |    29 |    83 |   171 ||   283
       Spear             |    40 |       |       ||    40
 Fire: Blowgun           |       |     9 |    37 ||    46
Invok: Scrying           |       |       |     1 ||     1
  Use: Scroll            |     5 |       |       ||     5
       Potion            |       |       |     1 ||     1
 Stab: Sleeping          |    26 |    15 |    13 ||    54
       Distracted        |       |       |     2 ||     2
  Eat: Chunk             |     1 |     6 |     6 ||    13
       Bread ration      |       |       |     1 ||     1
